[Event "Serbian League Women 2024"]
[Site "Bajina Basta"]
[Date "2024.09.29"]
[Round "3.21"]
[White "Aydin, Gulenay"]
[Black "Badelka, Olga"]
[Result "0-1"]
[ECO "B03"]
[WhiteElo "2202"]
[BlackElo "2430"]
[Annotator "TA"]
[PlyCount "70"]
[EventDate "2024.09.26"]
[EventType "team-tourn"]
[EventCountry "SRB"]
[SourceTitle "playchess.com"]
[Source "ChessBase"]
[SourceQuality "1"]
[TimeControl "40/5400+30:1800+30"]

1. e4 Nf6 2. e5 Nd5 3. c4 Nb6 4. d4 d6 5. f4 dxe5 6. fxe5 Nc6 7. Be3 Bf5 8. Nc3 e6 9. Be2 Be7 10. Nf3 O-O 11. O-O f6 12. exf6 Bxf6 13. Qd2 Qe7 14. Rad1 Rad8 15. Qe1 Nb4 16. Qg3 Nc2 17. Bf2 {[%emt 0:00:45] Black is slightly better.} Qb4 18. c5 Nc4 19. Bxc4 Qxc4 20. Qxc7 Bd3 {[%emt 0:05:24] Black is more active. A strong pair of Bishops.} (20... Bxd4 $2 21. Bxd4 Nxd4 22. Ne5 $16) 21. Rfe1 {[%emt 0:05:20] [#]} Nxe1 $19 ({Inferior is} 21... Nxd4 22. Ne5 Bxe5 23. Qxe5 $16) 22. Rxe1 Bxd4 23. Bxd4 Rxd4 24. Qe5 Rg4 (24... Rdf4 $142 {...R4f5 would now be deadly.} 25. Qxe6+ Qxe6 26. Rxe6 Rc4) 25. Qe3 {[%emt 0:01:14][%cal Of3e5] [#] Strongly threatening Ne5!} Rgf4 $1 26. Qxe6+ (26. h3 $17 {was necessary.} Bg6 27. b3) 26... Qxe6 27. Rxe6 Bg6 28. Nd5 (28. Re7 $17 {was worth a try.}) 28... Rc4 29. Ne7+ Kh8 30. Nxg6+ hxg6 {[%emt 0:00:05] KRR-KRN} 31. h3 (31. Re7 $142) 31... Rxc5 32. Ne5 (32. Re2 $142) 32... Kh7 33. Kh2 Rc2 34. Rxg6 (34. Nd3 $142) 34... Rf5 35. Re6 Re2 {[%emt 0:00:15] Weighted Error Value: White=0.60/Black=0.09 (flawless) .  Loses game:     	White=1     	---        Mistake:       	White=5     	Black=1      Inaccurate:     	White=2     	---        OK:         	White=5     	Black=9      Best:        	---       	Black=4      Strong:       	---       	Black=1} 0-1

[Event "Serbian League Women 2024"]
[Site "Bajina Basta"]
[Date "2024.09.29"]
[Round "3.22"]
[White "Zimina, Olga"]
[Black "Yildiz, Elif Zeren"]
[Result "1/2-1/2"]
[ECO "D02"]
[WhiteElo "2302"]
[BlackElo "1934"]
[Annotator "RC"]
[PlyCount "109"]
[EventDate "2024.09.26"]
[EventType "team-tourn"]
[EventCountry "SRB"]
[SourceTitle "playchess.com"]
[Source "ChessBase"]
[SourceQuality "1"]
[TimeControl "40/5400+30:1800+30"]

1. d4 Nf6 2. Nf3 e6 3. g3 d5 4. Bg2 Be7 5. O-O O-O 6. b3 c5 7. dxc5 Bxc5 8. Bb2 Nc6 9. c4 dxc4 10. Qc2 Qe7 11. Qxc4 e5 12. Rc1 Bd6 13. Nbd2 Bf5 14. Nh4 Be6 15. Qd3 Rfd8 16. Nf5 Bxf5 17. Qxf5 Nd4 18. Qd3 Bc5 19. Ne4 Nxe4 20. Bxe4 h6 21. Qc4 Bd6 22. e3 Ne6 23. Bg2 Rab8 24. Rc2 b5 25. Qe2 Nc5 26. Rac1 e4 27. Qg4 g6 28. Bd4 h5 29. Qh4 Qxh4 30. gxh4 Nd3 31. Rd1 f5 32. f3 Be5 33. fxe4 Bxd4 34. exd4 Rxd4 35. exf5 gxf5 36. Rcd2 Rbd8 37. Bf1 Ne5 38. Rxd4 Rxd4 39. Rxd4 Nf3+ 40. Kf2 Nxd4 41. Ke3 Nc2+ 42. Kf4 Nb4 43. Bxb5 Nxa2 44. Kxf5 a5 45. Kg6 Nc1 46. Bc4+ Kh8 47. Kf7 Nxb3 48. Bxb3 a4 49. Bxa4 Kh7 50. h3 Kh8 51. Bd1 Kh7 52. Bg4 Kh8 53. Kg6 Kg8 54. Kh6 Kh8 55. Bxh5 1/2-1/2

[Event "Serbian League Women 2024"]
[Site "Bajina Basta"]
[Date "2024.09.29"]
[Round "3.23"]
[White "Vujcic, Milena"]
[Black "Vujovic, Vera"]
[Result "1/2-1/2"]
[ECO "C78"]
[WhiteElo "2076"]
[BlackElo "2175"]
[Annotator "RC"]
[PlyCount "78"]
[EventDate "2024.09.26"]
[EventType "team-tourn"]
[EventCountry "SRB"]
[SourceTitle "playchess.com"]
[Source "ChessBase"]
[SourceQuality "1"]
[TimeControl "40/5400+30:1800+30"]

1. e4 e5 2. Nf3 Nc6 3. Bb5 a6 4. Ba4 Nf6 5. O-O b5 6. Bb3 Bc5 7. c3 d6 8. d4 Bb6 9. Be3 Bg4 10. Nbd2 O-O 11. h3 Bh5 12. dxe5 dxe5 13. Qe2 Qe7 14. Bxb6 cxb6 15. Bd5 Rfc8 16. a4 b4 17. g4 Bg6 18. Nc4 Qc5 19. cxb4 Qxb4 20. Nfxe5 Nxd5 21. exd5 Nd4 22. Qe3 f6 23. Nxg6 Rxc4 24. Ne7+ Kf8 25. Nc6 Nxc6 26. dxc6 Rxc6 27. Rfe1 Rcc8 28. Qa3 Qxa3 29. Rxa3 Re8 30. Kf1 Rad8 31. Rb3 Rxe1+ 32. Kxe1 Rd6 33. Ke2 Kf7 34. Ke3 Ke6 35. Rc3 Kd7 36. b3 Re6+ 37. Kd4 Rd6+ 38. Ke4 Re6+ 39. Kd4 Rd6+ 1/2-1/2

[Event "Serbian League Women 2024"]
[Site "Bajina Basta"]
[Date "2024.09.29"]
[Round "3.24"]
[White "Nestorovic, Katarina"]
[Black "Petrovic, Marija"]
[Result "1-0"]
[ECO "C40"]
[WhiteElo "2038"]
[BlackElo "1898"]
[Annotator "NA RC"]
[PlyCount "113"]
[EventDate "2024.09.26"]
[EventType "team-tourn"]
[EventCountry "SRB"]
[SourceTitle "playchess.com"]
[Source "ChessBase"]
[SourceQuality "1"]
[TimeControl "40/5400+30:1800+30"]

1. e4 e5 2. Nf3 Qe7 3. Bc4 d6 4. d3 h6 5. O-O Nf6 6. Re1 Bg4 7. Nbd2 Nbd7 8. Nf1 g6 9. c3 Be6 10. Bb3 Bxb3 11. Qxb3 Nc5 12. Qc2 Bg7 13. d4 Ncd7 14. Ng3 O-O 15. Bd2 Rfe8 16. Rad1 Qf8 17. Nh4 c5 18. dxe5 dxe5 19. Qb3 Kh7 20. Qxb7 Rab8 21. Qa6 Rxb2 22. Bc1 Rb6 23. Qa4 Rd6 24. Rxd6 Qxd6 25. Qxa7 Qc6 26. Qa3 Ra8 27. Qb2 Qe6 28. Re2 c4 29. Nf3 Nc5 30. Ne1 Bf8 31. h3 Nd3 32. Qb1 Nxc1 33. Qxc1 Nd7 34. Qb1 Rb8 35. Rb2 Ra8 36. Nf1 Nc5 37. Ne3 Na4 38. Rc2 Bc5 39. Nd5 Nb6 40. Nc7 Qc8 41. Nxa8 Qxa8 42. Rd2 Qa5 43. Qc2 Kg7 44. Nf3 Kf6 45. Rd1 Be7 46. Qd2 Kg7 47. Rb1 Na4 48. Rb7 Kf6 49. Qxh6 Ke6 50. Ng5+ Bxg5 51. Qxg5 Qc5 52. Qd8 Qd6 53. Qe8+ Kf6 54. Qxa4 Qd2 55. Qxc4 Qc1+ 56. Qf1 Qxc3 57. Qb1 1-0